 Dungeon Crawl Stone Soup version 0.30-a0-358-g0d69a1922f (webtiles) character file.

Game seed: 6848316642537861435

18 funkygono the Firebug (level 2, -4/20 HPs)
             Began as a Draconian Fire Elementalist on Nov 9, 2022.
             Slain by Terence
             ... wielding a +4 hand axe
              (10 damage)
             ... on level 1 of the Dungeon.
             The game lasted 00:01:47 (1082 turns).

funkygono the Firebug (Draconian Fire Elementalist) Turns: 1082, Time: 00:01:48

Health: -4/20      AC:  4    Str: 10    XL:     2   Next: 51%
Magic:  1/5        EV: 12    Int: 15    God:
Gold:   43         SH:  0    Dex: 11    Spells: 3/6 levels left

rFire   + . .      SeeInvis .    e - +2 mace (drain)
rCold   . . .      Faith    .    (no shield)
rNeg    . . .      Spirit   .    (body armour unavailable)
rPois   .          Reflect  .    (helmet restricted)
rElec   .          Harm     .    (no cloak)
rCorr   .          Rampage  .    (no gloves)
Will    .....                    (no boots)
Stlth   ++........               (no amulet)
HPRegen 0.23/turn                b - ring of protection from fire
MPRegen 0.09/turn                (no ring)

@: no status effects
A: AC +4, unfitting armour, cold-blooded
a: no special abilities


You were on level 1 of the Dungeon.
You visited 1 branch of the dungeon, and saw 2 of its levels.

You collected 43 gold pieces.

Inventory:

Hand Weapons
 e - a +2 mace of draining (weapon)
 l - a +0 whip
Jewellery
 b - a ring of protection from fire (left hand)
Scrolls
 d - 4 scrolls of teleportation {unknown}
 f - a scroll of noise {unknown}
 g - a scroll of identify {unknown}
 k - a scroll of summoning {unknown}
Potions
 a - a potion of magic
 c - 3 potions of heal wounds {unknown}
 h - a potion of cancellation {unknown}
 i - a potion of curing {unknown}
 j - a potion of degeneration {unknown}


   Skills:
 + Level 1.9 Dodging
 - Level 1.7 Stealth
 + Level 2.5 Spellcasting
 + Level 1.2 Conjurations
 + Level 3.3 Fire Magic


You had 3 spell levels left.
You knew the following spells:

 Your Spells              Type           Power      Damage    Failure   Level
a - Foxfire               Conj/Fire      32%        2x1d5     9%          1
b - Scorch                Fire           22%        2d6       9%          2

Your spell library contained the following spells:

 Spells                   Type           Power      Damage    Failure   Level
 Inner Flame              Hex/Fire       6%         N/A       32%         3
 Kindle Blastsparks       Fire/Tloc/Air  10%        2d10      38%         3
 Call Canine Familiar     Summ           1%         N/A       54%         3
 Portal Projectile        Hex/Tloc       2%         N/A       54%         3
 Flame Wave               Conj/Fire      8%         2d5       63%         4
 Leda's Liquefaction      Hex/Erth       0%         N/A       91%         4


Dungeon Overview and Level Annotations

Branches:
Dungeon (2/15)

Altars:

Annotations:
D:1 Terence


Innate Abilities, Weirdness & Mutations

Your plain brown scales are hard. (AC +4)
You cannot fit into any form of body armour.
You are cold-blooded and may be slowed by cold attacks.


Message History

Level annotation: Terence
There is a stone staircase leading up here.
You climb upwards.
There is a stone staircase leading down here.
You climb downwards.
Level annotation: Terence Terence zaps a wand.
The puff of flame hits you. You resist.
There is a stone staircase leading up here.
You climb upwards.
There is a stone staircase leading down here.
You climb downwards.
Level annotation: Terence
There is a stone staircase leading up here.
Casting: Foxfire (safe; 9% risk of failure)
Confirm with . or Enter, or press ? or * to list all spells.
Flames lash Terence but do no damage.
Terence hits you with a +4 hand axe!
Casting: Scorch (safe; 9% risk of failure)
Confirm with . or Enter, or press ? or * to list all spells.
Flames lash Terence.
Terence is heavily wounded.
Terence's fire resistance burns away.
Terence hits you with a +4 hand axe.
Casting: Scorch (safe; 9% risk of failure)
Confirm with . or Enter, or press ? or * to list all spells.
You don't have enough magic to cast this spell.
Unknown command.
There is a stone staircase leading up here.
Terence zaps a wand.
The puff of flame hits you. You resist.
* * * LOW HITPOINT WARNING * * *
You climb upwards.
There is a stone staircase leading down here.
You hit Terence but do no damage. You drain Terence.
You tail-slap Terence, but do no damage.
Terence is severely wounded.
Terence zaps a wand.
The puff of flame misses you.
You barely miss Terence.
You tail-slap Terence, but do no damage.
Terence is severely wounded.
Terence hits you with a +4 hand axe!
Ouch! That really hurt!
You die...

#####.....##.####.###.### #...##
.....####.......#.+.'.# ###.###
.....+....#...#.###.######...#
.....####.#.......#<##.....######
.....# #.##....#.####.##........
.....####.##......####.##.......>
#####.............##.............
#.....##......#..#....#######
#.....##.#.#@...##....#
#####..........#@.####....#
...........#......# #....#
.......###.#####.## #.)..#
.......# #.# #.# #รท...# .......#
#.# #.# #....# ..)....# #.# #.#
#....# .......# #.# #.# #....#
.......# #.#####.# #....#


You could see Terence (combustible, very drained).

Vanquished Creatures
  An endoplasm (D:1)
  2 giant cockroaches (D:1)
  2 goblins (D:1)
  A hobgoblin (D:1)
  A quokka (D:1)
  5 ball pythons (D:1)
  A frilled lizard (D:1)
  3 kobolds (D:1)
16 creatures vanquished.

Vanquished Creatures (others)
  53 foxfires
53 creatures vanquished.

Grand Total: 69 creatures vanquished

Notes
Turn   | Place    | Note
-------+----------+-------------------------------------------
     0 | D:1      | funkygono the Draconian Fire Elementalist began the quest
                  | for the Orb.
     0 | D:1      | Reached XP level 1. HP: 14/14 MP: 3/3
   283 | D:1      | Reached XP level 2. HP: 20/20 MP: 1/5
   286 | D:1      | Learned a level 2 spell: Scorch
   975 | D:2      | Noticed Terence
  1082 | D:1      | Slain by Terence

Illustrated notes

Levels and vault maps discovered:
D:1:      erik_arrival_triangle_medium, layout_basic, serial_bayou_pond_e,
          minmay_nonomino_d4
D:2:      layout_loops_cross, uniq_terence

Action                   || total
-------------------------++-------
Melee: Dagger            ||     1
       Mace              ||     3
       Tailslap          ||     2
 Cast: Foxfire           ||    29
       Scorch            ||     2
Armor: Skin              ||    13
Dodge: Dodged            ||    41

Table legend: (Time is in decaauts)
 A = Elapsed time spent in this place.
 B = Non-inter-level travel time spent in this place.
 C = Inter-level travel time spent in this place.
 D = Time resting spent in this place.
 E = Time spent auto-exploring this place.
 F = Levels seen in this place.
 G = Mean time per level.
                   A        B        C        D        E       F      G
               +--------+--------+--------+--------+--------+-----+--------+
         Total |   1085 |   1017 |     68 |     56 |    760 |   2 |  542.5 |
       Dungeon |   1085 |   1017 |     68 |     56 |    760 |   2 |  542.5 |
               +--------+--------+--------+--------+--------+-----+--------+

Top non-repeatable levels by time:
     D:1: 1050 daAuts
     D:2: 35 daAuts
